 Dungeon Crawl Stone Soup version 0.29.1-1-gd02db6906a (webtiles) character file.

Game seed: 5415066321995427985

1617 MisterFreud the Covert (level 8, -2/59 (68) HPs)
             Began as a Gnoll Delver on Oct 9, 2022.
             Was an Initiate of Hepliaklqana.
             Slain by a wight
             ... wielding a +4 trident of freezing
              (3 damage)
             ... on level 7 of the Dungeon.
             The game lasted 00:11:12 (7751 turns).

MisterFreud the Covert (Gnoll Delver)               Turns: 7751, Time: 00:11:13

HP:   -2/59 (68)    AC:  8    Str: 11    XL:     8   Next: 96%
MP:   13/13         EV: 13    Int: 13    God:    Hepliaklqana [......]
Gold: 271           SH:  0    Dex: 13    Spells: 10/14 levels left

rFire   . . .      SeeInvis .   u - +0 short sword (speed)
rCold   . . .      Faith    .   (no shield)
rNeg    . . .      Spirit   .   s - +3 leather armour {rPois}
rPois   +          Reflect  .   w - +2 hat
rElec   .          Harm     .   (no cloak)
rCorr   .          Rampage  .   (no gloves)
Will    .....                   (no boots)
Stlth   ++++......              (no amulet)
HPRegen 0.19/turn               (no ring)
MPRegen 0.13/turn               (no ring)

@: heavily drained
A: fangs 1, strong nose, distributed training
a: Renounce Religion


You were on level 7 of the Dungeon.
You worshipped Hepliaklqana.
Hepliaklqana was noncommittal.
You visited 2 branches of the dungeon, and saw 8 of its levels.
You also visited: Sewer.

You collected 271 gold pieces.

Inventory:

Hand Weapons
 a - a +0 short sword
 u - a +0 short sword of speed (weapon)
Missiles
 j - 6 curare-tipped darts (quivered)
 l - 2 boomerangs
 y - 7 poisoned darts
 z - a throwing net
Armour
 s - a +3 leather armour of poison resistance (worn)
 w - a +2 hat (worn)
 x - a +3 leather armour of cold resistance
Wands
 g - a wand of digging (3)
 q - a wand of mindburst (17)
 t - a wand of polymorph (9)
Scrolls
 b - a scroll of amnesia {unknown}
 c - a scroll of fog
 d - 2 scrolls of magic mapping
 e - 3 scrolls of fear
 n - a scroll of poison
Potions
 f - 2 potions of haste
 h - 2 potions of lignification
 i - a potion of mutation {unknown}
 k - a potion of cancellation {unknown}
 m - 4 potions of flight
 o - a potion of berserk rage {unknown}
 p - 3 potions of curing
 r - a potion of resistance
 v - 2 potions of brilliance


   Skills:
 + Level 7.7 Fighting
 + Level 6.0 Short Blades
 + Level 3.8 Long Blades
 + Level 3.8 Axes
 + Level 3.8 Maces & Flails
 + Level 3.8 Polearms
 + Level 3.8 Staves
 + Level 3.8 Ranged Weapons
 + Level 3.8 Throwing
 + Level 3.8 Armour
 + Level 6.0 Dodging
 + Level 10.3 Stealth
 + Level 3.8 Shields
 + Level 3.8 Unarmed Combat
 + Level 3.8 Spellcasting
 + Level 3.1 Conjurations
 + Level 3.1 Hexes
 + Level 3.1 Summonings
 + Level 3.1 Necromancy
 + Level 3.1 Translocations
 + Level 3.1 Transmutations
 + Level 3.1 Fire Magic
 + Level 3.1 Ice Magic
 + Level 3.1 Air Magic
 + Level 3.1 Earth Magic
 + Level 3.1 Poison Magic
 + Level 4.2 Invocations
 + Level 3.8 Evocations


You had 10 spell levels left.
You knew the following spells:

 Your Spells              Type           Power      Damage    Failure   Level
a - Ensorcelled Hibernat  Hex/Ice        20%        N/A       11%         2
b - Passwall              Tmut/Erth      8%         N/A       11%         2

Your spell library contained the following spells:

 Spells                   Type           Power      Damage    Failure   Level
 Apportation              Tloc           20%        N/A       8%          1
 Necrotise                Necr           40%        1d6       8%          1
 Summon Small Mammal      Summ           40%        N/A       8%          1
 Static Discharge         Conj/Air       10%        3-5/arc   11%         2
 Swiftness                Air            10%        N/A       22%         3
 Dispel Undead            Necr           10%        3d9       58%         4
 Sticky Flame             Conj/Fire      10%        2d3       58%         4


Dungeon Overview and Level Annotations

Branches:
Dungeon (7/15)             Temple (1/1) D:6           Sewer (visited)

Altars:
Cheibriados
Elyvilon
Fedhas
Gozag
Hepliaklqana
Kikubaaqudgha
Makhleb
Nemelex Xobeh
Okawaru
Ru
Sif Muna
Trog
Wu Jian
Xom
Yredelemnul
Zin
The Shining One


Innate Abilities, Weirdness & Mutations

You have very sharp teeth.
Your uncanny sense of smell can sniff out nearby items.
Your experience applies equally to all skills.


Message History

You hit the wight.
The wight is moderately damaged.
You hit the wight but do no damage.
The wight is moderately damaged.
The wight misses you.
You hit the wight but do no damage.
The wight is moderately damaged.
You completely miss the wight.
The wight is moderately damaged.
The wight barely misses you.
You hit the wight but do no damage.
The wight is moderately damaged.
You hit the wight.
The wight is heavily damaged.
The wight completely misses you.
You closely miss the wight.
The wight is heavily damaged.
You hit the wight.
The wight is severely damaged.
The wight hits you with a +4 trident of freezing!
You feel drained. The wight freezes you.
You hit the wight but do no damage.
The wight is severely damaged.
You closely miss the wight. Your bite misses the wight.
The wight is severely damaged.
The wight hits you with a +4 trident of freezing!
* * * LOW HITPOINT WARNING * * *
The wight freezes you.
* * * LOW HITPOINT WARNING * * *
You closely miss the wight. Your bite misses the wight.
The wight is severely damaged.
You barely miss the wight.
The wight is severely damaged.
The wight barely misses you.
You hit the wight. You bite the wight, but do no damage.
The wight is almost destroyed.
The wight hits you with a +4 trident of freezing!
* * * LOW HITPOINT WARNING * * *
You feel drained.
You die...

.###.#.# . #...### .
##..)<# # #.##.###
#..#...######.
##.###........ #
.###.####### ..#
##.#.....#######....#
.......<...z@....>..#
#...#####..#####....#
...#. ##.# ..# ## #
#.# # #.# #.. ...
####


You could see a wight.

Vanquished Creatures
  A sky beast (D:6)
  4 ogres (D:5)
  2 phantoms
  A bullfrog (D:6)
  A necrophage (D:6)
  2 scorpions
  2 wights
  3 hounds
  An orc priest (D:6)
  4 iguanas
  Ijyb (D:3)
  3 orc wizards
  13 gnolls
  7 adders
  2 white imps
  3 ufetubi
  2 worms
  A dart slug (D:3)
  18 orcs
  13 ball pythons
  An endoplasm (D:4)
  11 giant cockroaches
  8 goblins
  13 hobgoblins
  15 jackals
  5 kobolds
  5 quokkas
  6 bats
  8 frilled lizards
  15 rats
171 creatures vanquished.

Notes
Turn   | Place    | Note
-------+----------+-------------------------------------------
     0 | D:5      | Reached skill level 9 in Stealth
     0 | D:5      | MisterFreud the Gnoll Delver began the quest for the Orb.
     0 | D:5      | Reached XP level 1. HP: 23/23 MP: 1/1
     5 | D:6      | Noticed a scorpion
     9 | D:6      | Killed a scorpion
    10 | D:6      | Reached skill level 1 in Long Blades
    10 | D:6      | Reached skill level 1 in Axes
    10 | D:6      | Reached skill level 1 in Maces & Flails
    10 | D:6      | Reached skill level 1 in Polearms
    10 | D:6      | Reached skill level 1 in Staves
    10 | D:6      | Reached skill level 1 in Ranged Weapons
    10 | D:6      | Reached skill level 1 in Throwing
    10 | D:6      | Reached skill level 1 in Armour
    10 | D:6      | Reached skill level 1 in Shields
    10 | D:6      | Reached skill level 1 in Unarmed Combat
    10 | D:6      | Reached skill level 1 in Spellcasting
    10 | D:6      | Reached skill level 1 in Invocations
    10 | D:6      | Reached skill level 1 in Evocations
    10 | D:6      | Reached XP level 2. HP: 29/29 MP: 1/3
    10 | D:6      | Reached XP level 3. HP: 35/35 MP: 1/4
    10 | D:6      | Found a glowing drain.
    17 | D:6      | Reached XP level 4. HP: 41/41 MP: 1/5
    32 | Sewer    | Entered a sewer
   260 | Sewer    | Reached skill level 1 in Conjurations
   260 | Sewer    | Reached skill level 1 in Hexes
   260 | Sewer    | Reached skill level 1 in Summonings
   260 | Sewer    | Reached skill level 1 in Necromancy
   260 | Sewer    | Reached skill level 1 in Translocations
   260 | Sewer    | Reached skill level 1 in Transmutations
   260 | Sewer    | Reached skill level 1 in Fire Magic
   260 | Sewer    | Reached skill level 1 in Ice Magic
   260 | Sewer    | Reached skill level 1 in Air Magic
   260 | Sewer    | Reached skill level 1 in Earth Magic
   260 | Sewer    | Reached skill level 1 in Poison Magic
   808 | D:5      | Noticed a phantom
   810 | D:5      | Killed a phantom
   811 | D:5      | Reached XP level 5. HP: 47/47 MP: 7/7
   832 | D:5      | Noticed an ogre
   839 | D:5      | Killed an ogre
   840 | D:5      | Reached skill level 5 in Short Blades
   840 | D:5      | Reached skill level 5 in Dodging
   840 | D:5      | Reached XP level 6. HP: 53/53 MP: 7/9
  1182 | D:4      | Reached XP level 7. HP: 56/60 MP: 10/10
  2739 | D:2      | Found a faded altar of an unknown god.
  2915 | D:3      | Found an iron altar of Okawaru.
  3220 | D:3      | Noticed Ijyb
  3227 | D:3      | Killed Ijyb
  3332 | D:4      | Reached skill level 10 in Stealth
  4620 | D:4      | Found a glowing silver altar of Zin.
  4621 | D:4      | Noticed an angel
  5274 | D:5      | Reached XP level 8. HP: 67/67 MP: 12/12
  5559 | D:5      | Found an ornate altar of the Wu Jian Council.
  5984 | D:6      | Noticed a vampire
  6083 | D:7      | Identified the +0 plate armour "Xais" {rF+}
  6712 | D:6      | Learned a level 2 spell: Ensorcelled Hibernation
  6715 | D:6      | Learned a level 2 spell: Passwall
  6910 | D:6      | Found a staircase to the Ecumenical Temple.
  6931 | Temple   | Entered the Ecumenical Temple
  7109 | Temple   | Became a worshipper of Hepliaklqana the Forgotten
  7751 | D:7      | HP: 1/61 [wight/+4 trident of freezing (13)]
  7751 | D:7      | Slain by a wight

Illustrated notes

Levels and vault maps discovered:
D:1:      grunt_arrival_crossed_arrows, layout_loops_cross,
          kennysheep_another_room
D:2:      layout_rooms, hellmonk_ecumenical_altar_dog_temple,
          minmay_worlds_worst_comb
D:3:      layout_basic, mainiacjoe_overflow_tiny_flanked, uniq_ijyb
D:4:      layout_basic, zin_angel, nrook_campfire, chequers_avenue
D:5:      layout_loops_ring, nicolae_wu_jian_wuxing_cycle, grunt_tough_drop
D:6:      layout_loops_ring, minmay_temple_entry_nine_rooms,
          cheibrodos_sewer_entry_drain
D:7:      layout_rooms, kennysheep_mini
Temple:   nicolae_temple_superstar

Skill      XL: |  1  2  3  4  5  6  7  8 |
---------------+-------------------------+-----
Stealth        | 10 | 10.3
Long Blades    | 1 2 3 |  3.8
Axes           | 1 2 3 |  3.8
Maces & Flails | 1 2 3 |  3.8
Polearms       | 1 2 3 |  3.8
Staves         | 1 2 3 |  3.8
Ranged Weapons | 1 2 3 |  3.8
Throwing       | 1 2 3 |  3.8
Armour         | 1 2 3 |  3.8
Shields        | 1 2 3 |  3.8
Unarmed Combat | 1 2 3 |  3.8
Spellcasting   | 1 2 3 |  3.8
Invocations    | 1 2 3 4 |  4.2
Evocations     | 1 2 3 |  3.8
Conjurations   | 1 2 3 |  3.1
Hexes          | 1 2 3 |  3.1
Summonings     | 1 2 3 |  3.1
Necromancy     | 1 2 3 |  3.1
Translocations | 1 2 3 |  3.1
Transmutations | 1 2 3 |  3.1
Fire Magic     | 1 2 3 |  3.1
Ice Magic      | 1 2 3 |  3.1
Air Magic      | 1 2 3 |  3.1
Earth Magic    | 1 2 3 |  3.1
Poison Magic   | 1 2 3 |  3.1
Short Blades   | 5 6 |  6.0
Dodging        | 5 6 |  6.0
Fighting       | 7 |  7.7

Action                   |  1- 3 |  4- 6 |  7- 9 || total
-------------------------+-------+-------+-------++-------
Melee: Short sword       |     2 |   122 |   902 ||  1026
       Bite              |       |    14 |   116 ||   130
       Punch             |       |       |    19 ||    19
Throw: Dart              |       |     1 |     5 ||     6
  Use: Scroll            |       |       |    13 ||    13
 Stab: Sleeping          |     2 |    10 |    45 ||    57
Armor: Leather armour    |       |    23 |   145 ||   168
Dodge: Dodged            |       |    78 |   425 ||   503
